 Dungeon Crawl Stone Soup version 0.30-a0-778-g2ef04afb54 (webtiles) character file.

Game seed: 1576123416221136706

60 sircluck the Shield-Bearer (level 3, -1/33 HPs)
             Began as a Minotaur Fighter on Feb 16, 2023.
             Slain by a gnoll
             ... wielding a +0 spear
              (5 damage)
             ... on level 2 of the Dungeon.
             The game lasted 00:01:29 (657 turns).

sircluck the Shield-Bearer (Minotaur Fighter)        Turns: 657, Time: 00:01:30

Health: -1/33      AC:  7    Str: 22    XL:     3   Next: 80%
Magic:  2/2        EV:  9    Int:  5    God:
Gold:   66         SH:  4    Dex:  9    Spells: 2/2 levels left

rFire   . . .      SeeInvis .    a - +0 long sword
rCold   . . .      Faith    .    c - +0 buckler
rNeg    . . .      Spirit   .    b - +0 scale mail
rPois   .          Reflect  .    (helmet restricted)
rElec   .          Harm     .    (no cloak)
rCorr   .          Rampage  .    (no gloves)
Will    .....                    (no boots) Stlth
                                 (no amulet)
HPRegen 0.25/turn                (no ring)
MPRegen 0.08/turn                (no ring)

@: mighty
A: horns 2, retaliatory headbutt
a: no special abilities


You were on level 2 of the Dungeon.
You visited 1 branch of the dungeon, and saw 2 of its levels.

You collected 66 gold pieces.

Inventory:

Hand Weapons
 a - a +0 long sword (weapon)
Missiles
 k - 6 stones (quivered)
Armour
 b - a +0 scale mail (worn)
 c - a +0 buckler (worn)
Jewellery
 j - a ring of willpower
Scrolls
 f - 2 scrolls of immolation {unknown}
 g - a scroll of teleportation {unknown}
 i - a scroll of blinking {unknown}
Potions
 e - a potion of heal wounds {unknown}
 h - 2 potions of curing {unknown}


   Skills:
 + Level 4.3 Fighting
 + Level 3.0 Long Blades
 + Level 4.2 Armour
 + Level 0.5 Dodging
 + Level 4.4 Shields


You had 2 spell levels left.
You didn't know any spells.
Your spell library was empty.

Dungeon Overview and Level Annotations

Branches:
Dungeon (2/15)

Altars:


Innate Abilities, Weirdness & Mutations

You have a pair of horns on your head.
You reflexively headbutt those who attack you in melee.


Message History

You slash the adder!
You kill the adder!
You block the adder's attack.
Your Fighting skill increases to level 4!
Your Armour skill increases to level 4!
You have reached level 3!
Your experience leads to an increase in your attributes!
Increase (S)trength, (I)ntelligence, or (D)exterity?
You feel stronger. x2
You closely miss the adder. Your headbutt misses the adder.
The adder closely misses you. You furiously retaliate!
You headbutt the adder!
You kill the adder!
You slash the frilled lizard!
You kill the frilled lizard!
The endoplasm jiggles.
You barely miss the adder. Your headbutt misses the adder.
The adder completely misses you.
You closely miss the adder. Your headbutt misses the adder.
The adder bites you but does no damage. The adder closely misses you.
You miss the adder. The adder bites you but does no damage.
You block the adder's attack.
You slash the adder!
You kill the adder!
You slash the endoplasm!
You kill the endoplasm!
You block the gnoll's attack. The gnoll barely misses you.
You furiously retaliate!
You headbutt the gnoll!
You kill the gnoll!
Your Long Blades skill increases to level 3!
Things that are here:
an adder corpse; an adder corpse The gnoll hits you but does no damage. x2
Things that are here:
a +0 halberd; a grey potion; a scroll labelled RAG OSI DOCYM You barely miss the gnoll.
The gnoll hits you from afar with a +0 spear.
* * * LOW HITPOINT WARNING * * *
You block the gnoll's attack.
The gnoll hits you from afar with a +0 spear.
You die...

.......##
........#
........#
........#
#.....#
r##..$..#
...g..$g#
..#[###g# #@#
#†# #.#
#.############
#............#
#########.####
#.# #.# #.#


You could see 2 gnolls.

Vanquished Creatures
  3 adders (D:2)
  A gnoll (D:2)
  A ball python (D:1)
  4 bats
  2 endoplasms
  A goblin (D:1)
  A hobgoblin (D:2)
  2 jackals (D:1)
  2 quokkas (D:1)
  4 frilled lizards
  A kobold (D:1)
  A rat (D:1)
23 creatures vanquished.

Notes
Turn   | Place    | Note
-------+----------+-------------------------------------------
     0 | D:1      | sircluck the Minotaur Fighter began the quest for the Orb.
     0 | D:1      | Reached XP level 1. HP: 19/19 MP: 0/0
   103 | D:1      | Reached XP level 2. HP: 22/27 MP: 1/1
   648 | D:2      | Reached XP level 3. HP: 7/33 MP: 2/2
   657 | D:2      | Slain by a gnoll

Illustrated notes

Levels and vault maps discovered:
D:1:      minmay_arrival_checkered_box, layout_rooms, corner_web_ring
D:2:      layout_basic, minmay_pentomino_p4

Skill      XL: |  1  2  3 |
---------------+----------+-----
Shields        | 4 |  4.4
Fighting       | 4 |  4.3
Armour         | 4 |  4.2
Long Blades    | 3 |  3.0
Dodging        | |  0.5

Action                     || total
---------------------------++-------
  Melee: Long sword        ||    42
         Headbutt          ||     7
    Use: Potion            ||     1
 Armour: Scale mail        ||    28
  Dodge: Dodged            ||    40
  Block: Buckler           ||    18

Table legend: (Time is in decaauts)
 A = Elapsed time spent in this place.
 B = Non-inter-level travel time spent in this place.
 C = Inter-level travel time spent in this place.
 D = Time resting spent in this place.
 E = Time spent auto-exploring this place.
 F = Levels seen in this place.
 G = Mean time per level.
                   A        B        C        D        E       F      G
               +--------+--------+--------+--------+--------+-----+--------+
         Total |    671 |    663 |      8 |      0 |    470 |   2 |  335.5 |
       Dungeon |    671 |    663 |      8 |      0 |    470 |   2 |  335.5 |
               +--------+--------+--------+--------+--------+-----+--------+

Top non-repeatable levels by time:
     D:1: 543 daAuts
     D:2: 127 daAuts
